 Dungeon Crawl Stone Soup version 0.26-a0-597-gb535b0901c (webtiles) character file.

Game seed: 6413532878942140230

(classic levelgen) 173280 EnegeticOcto the Severer (level 16, 0/136 HPs)
             Began as a Deep Dwarf Fighter on Aug 27, 2020.
             Was the Champion of Makhleb.
             Killed from afar by an ancient lich (30 damage)
             ... with a bolt of lightning
             ... while paralysed by an ancient lich
             ... on level 4 of the Abyss.
             The game lasted 00:14:17 (12778 turns).

EnegeticOcto the Severer (Deep Dwarf Fighter)      Turns: 12778, Time: 00:14:17

Health: 0/136      AC: 38    Str: 21    XL:     16   Next: 87%
Magic:  0/17       EV:  2    Int: 13    God:    Makhleb [******]
Gold:   1250       SH:  0    Dex: 12    Spells: 15/15 levels left

rFire    . . .     SeeInvis +   a - +4 broad axe (freeze)
rCold    . . .     Faith    .   J - +2 kite shield
rNeg     + . .     Spirit   +   o - +9 plate armour of Eqomid {Int+3}
rPois    +         Reflect  .   k - +2 helmet {SInv}
rElec    .         Harm     .   C - +0 cloak {rPois}
rCorr    +                      M - +0 pair of gloves of the Dwarven Hall {Str-5 Slay+4} (curse)
MR       ++...                  i - +1 pair of boots
Stlth    ..........             L - brooch of Shielding {Spirit SH+8}
HPRegen  0.00/turn              t - ring of resist corrosion
MPRegen  0.15/turn              E - +4 ring of protection

@: paralysed, non-regenerating, slowed, lightly drained
A: damage resistance, heal wounds, deterioration 1, frail 1, negative energy
resistance 1, sense surroundings 2, no regeneration
}: 2/15 runes: decaying, serpentine
a: Heal Wounds, Minor Destruction, Lesser Servant of Makhleb, Major Destruction,
Greater Servant of Makhleb, Renounce Religion


You were on level 4 of the Abyss.
You worshipped Makhleb.
Makhleb was exalted by your worship.
You visited 6 branches of the dungeon, and saw 26 of its levels.
You visited the Abyss 1 time.

You collected 6013 gold pieces.
You spent 4763 gold pieces at shops.

Inventory:

Hand Weapons
 a - a +4 broad axe of freezing (weapon)
 K - a +1 short sword of distortion
Missiles
 e - a throwing net (quivered)
Armour
 i - a +1 pair of boots (worn)
 k - a +2 helmet of see invisible (worn)
 m - a +2 chain mail of fire resistance
 o - the +9 plate armour of Eqomid (worn) {Int+3}
   (You found it on level 9 of the Dungeon)

   It affects your intelligence (+3).
 C - a +0 cloak of poison resistance (worn)
 J - a +2 kite shield (worn)
 M - the cursed +0 pair of gloves of the Dwarven Hall (worn) {Str-5 Slay+4}
   (You bought it in a shop on level 2 of the Snake Pit)

   It affects your strength (-5).
   It affects your accuracy and damage with ranged weapons and melee attacks
   (+4).
   It has a curse placed upon it.
Jewellery
 t - a ring of resist corrosion (left hand)
 E - a +4 ring of protection (right hand)
 G - an uncursed ring of protection from fire
 L - the brooch of Shielding (around neck) {Spirit SH+8}
   (You bought it in a shop on level 4 of the Snake Pit)

   [amulet of guardian spirit]

   It causes incoming damage to be split between your health and magic.
   It affects your SH (+8).
Wands
 f - a wand of acid (16) {@v1}
 s - a wand of iceblast (21) {@v2}
 u - a wand of digging (7) {@v3}
 w - a wand of disintegration (19)
 P - a wand of paralysis (12)
 Q - a wand of polymorph (14)
Scrolls
 c - 2 scrolls of silence
 g - 12 scrolls of remove curse {@r2}
 h - 4 scrolls of identify {@r1}
 l - 2 scrolls of magic mapping {@r5}
 p - 2 scrolls of fear
 r - 10 scrolls of immolation {@r4}
 y - 2 scrolls of fog
 A - 3 scrolls of teleportation {@r3}
 B - a scroll of summoning
 F - a scroll of blinking
 S - a scroll of amnesia
Potions
 b - 2 potions of stabbing {@q5}
 d - 3 potions of might {@q3}
 n - 3 potions of haste {@q4}
 q - 7 potions of heal wounds {@q2}
 v - 11 potions of curing {@q1}
 x - 2 potions of ambrosia
 z - a potion of lignification {@q7}
 D - 3 potions of flight
 H - a potion of mutation
 I - 3 potions of berserk rage
 R - 4 potions of resistance {@q6}
Miscellaneous
 j - a phantom mirror
 N - a condenser vane (2/2)
 O - a tin of tremorstones (2/3)


   Skills:
 + Level 12.0(11.8) Fighting
 - Level 18.0(17.7) Axes
 + Level 13.9(13.7) Armour
 + Level 13.9(13.7) Shields
 + Level 15.3(15.1) Invocations
 + Level 8.9(8.7) Evocations


You had 15 spell levels left.
You didn't know any spells.
Your spell library was empty.

Dungeon Overview and Level Annotations

Branches:
Dungeon (11/15)            Temple (1/1) D:4            Lair (4/6) D:10
  Swamp (4/4) Lair:2        Snake (4/4) Lair:3          Orc (2/2) D:11
    Elf: Orc:2

Altars:
Ashenzari
Cheibriados
Dithmenos
Gozag
Hepliaklqana
Makhleb
Nemelex Xobeh
Qazlal
Ru
Uskayaw
Wu Jian
Xom
Yredelemnul

Shops:
D:4 =   D:6 }   Orc:2 ?:![   Snake:1 ?   Snake:2 [   Snake:4 =}}

Portals:
Pandemonium: Orc:2

Annotations:
D:3 2 transporters, kae's ghost, weakling DsGl
D:9 3 runed translucent doors, viperstalker's ghost, novice PaFi
D:10 1 runed translucent door, Caleiyous's ghost, journeyman GrFi
Snake:4 1 runed translucent door, p0werm0de's ghost, adept MiFi


Innate Abilities, Weirdness & Mutations

You are resistant to damage.
You can heal yourself by infusing magical energy.
You resist negative energy. (rN+)
You passively map the area around you.
You do not regenerate.
Your body sometimes deteriorates upon taking damage.
You are frail. (-10% HP)


Message History

The ancient lich is lightly damaged.
The ancient lich gestures wildly while chanting.
The ancient lich seems to speed up.
A shadow wraith comes into view.
The shadow wraith gives a chilling moan.
You closely miss the ancient lich.
The ancient lich is lightly damaged.
You block the ancient lich's attack.
You slash the ancient lich!
The ancient lich is moderately damaged.
You hit the large abomination but do no damage.
The ancient lich touches you! You partially resist.
You feel drained.
You block the large abomination's attack.
You hit the ancient lich.
The ancient lich is moderately damaged.
You hit the large abomination. You freeze the large abomination.
You block the ancient lich's attack.
You hit the ancient lich but do no damage.
The ancient lich is moderately damaged.
You slice the large abomination!! You freeze the large abomination.
You slash the large abomination! You freeze the large abomination.
The ancient lich casts a spell at you. The bolt of lightning hits you!!!
You block the large abomination's attack.
A neqoxec comes into view.
You block the large abomination's attack.
The neqoxec shouts!
You hit the large abomination. You freeze the large abomination.
The large abomination is heavily damaged.
You hit the large abomination but do no damage.
You hit the ancient lich but do no damage.
You block the ancient lich's attack.
The large abomination barely misses you.
The neqoxec gestures at you.
Something tries to feed on your intellect!
You barely miss the large abomination.
The large abomination is heavily damaged.
You barely miss the ancient lich.
You hit the large abomination but do no damage.
You block the ancient lich's attack.
You block the large abomination's attack.
You block the ancient lich's attack.
You barely miss the large abomination.
The large abomination is heavily damaged.
You barely miss the ancient lich. You hit the large abomination.
You freeze the large abomination.
The large abomination completely misses you.
You block the large abomination's attack.
The ancient lich touches you.
You closely miss the large abomination.
The large abomination is severely damaged.
You completely miss the ancient lich.
You hit the large abomination but do no damage.
You block the large abomination's attack.
The ancient lich touches you but does no damage.
The large abomination hits you but does no damage.
You slash the large abomination! You freeze the large abomination.
The large abomination is almost destroyed.
You hit the ancient lich. You barely miss the large abomination.
The ancient lich touches you but does no damage.
You block the large abomination's attack.
You slash the large abomination! You freeze the large abomination.
You destroy the large abomination!
Makhleb accepts your kill.
You feel better.
You slash the ancient lich! You freeze the ancient lich.
You slash the large abomination! You freeze the large abomination.
The neqoxec gestures at you.
Something tries to feed on your intellect!
A worldbinder comes into view.
You block the ancient lich's attack.
You barely miss the large abomination.
The large abomination is almost destroyed.
You slice the ancient lich!! You slash the shadow wraith!
You freeze the shadow wraith.
You block the large abomination's attack.
The ancient lich touches you but does no damage.
You hit the large abomination but do no damage.
The large abomination is almost destroyed.
You hit the shadow wraith but do no damage.
You hit the ancient lich.
The worldbinder calls forth creatures from the Spider Nest!
You block the shadow wraith's attack.
You block the large abomination's attack.
The ancient lich points at you and mumbles some strange words.
You suddenly lose the ability to move!
An ancient zyme comes into view.
You feel yourself growing ill in the presence of the ancient zyme.
The ancient lich points at you and mumbles some strange words.
The bolt of lightning hits you!!
The worldbinder calls forth creatures from the Spider Nest!
The large abomination hits you! The shadow wraith hits you!
The shadow wraith drains your vigour!
You feel yourself slow down.
The ancient lich touches you but does no damage.
The jumping spider leaps!
The large abomination hits you!
* * * LOW HITPOINT WARNING * * *
The shadow wraith hits you!
* * * LOW HITPOINT WARNING * * *
The ancient lich gestures at you while chanting.
The bolt of lightning hits you!!
You die...

.. . #.... ..
....... .# .
...x..# . .. #
##....... #.#.
###....... . .
...#..##§##.. .
##.##...§......
# #...v§## ....
.## ..#.@v#.#
... ..#..
#XLW.# . #
#..3.##.## ###
###.#.s°# #
...#. ##
#....#X# #.
.####.x.#...#
.#.. #.
....#### #. .#
# .### ..
##.#..#..


You could see an ancient lich (fast), a spatial maelstrom, a shadow wraith
(invisible), a spatial vortex (wandering), an ancient zyme, a large abomination,
a worldbinder, a neqoxec and a tarantella (summoned).

Vanquished Creatures
  the Lernaean hydra (Swamp:4)
  Gastronok (Lair:2)
  2 thorn hunters
  7 nagarajas
  8 naga warriors
  12 hydras
  2 shambling mangroves
  A ghost crab (Swamp:4)
  16 anacondas
  7 alligators
  5 two-headed ogres
  4 orc high priests (Orc:2)
  4 shock serpents
  11 naga sharpshooters
  3 spriggans
  A soul eater (Orc:2)
  An unseen horror (D:11)
  7 salamander mystics
  An infernal demonspawn (Orc:2)
  5 naga ritualists
  3 starcursed masses (Abyss:4)
  4 lindwurms (Snake:4)
  Pikel (D:7)
  15 swamp dragons
  4 salamanders
  4 orc sorcerers (Orc:2)
  4 orc knights (Orc:2)
  4 mana vipers
  A manticore (D:11)
  A worldbinder (Abyss:4)
  5 guardian serpents (Snake:4)
  An elephant (D:10)
  22 black mambas
  13 naga magi
  A smoke demon (Abyss:4)
  6 cane toads
  Maggie (Lair:2)
  A rime drake (Lair:2)
  3 komodo dragons
  A troll (Orc:1)
  10 hornets
  6 tyrant leeches
  8 blink frogs
  11 slime creatures
  Prince Ribbit (D:8)
  8 hippogriffs
  2 bog bodies
  2 large abominations
  3 wraiths (D:9)
  4 flying skulls (D:9)
  3 shadows
  33 yaks
  3 wyverns
  3 basilisks
  A human (D:11)
  13 vampire mosquitoes
  A chaos spawn (Orc:2)
  A neqoxec (Orc:2)
  A warg (D:11)
  15 nagas
  15 insubstantial wisps
  Edmund (D:4)
  6 water moccasins
  13 swamp worms
  3 porcupines
  9 ice beasts
  A black bear (D:4)
  20 orc warriors
  3 sky beasts
  3 phantoms
  14 swamp drakes
  6 wolves (Lair:2)
  8 centaurs
  4 ogres
  5 crocodiles
  3 lemures (D:7)
  7 bullfrogs
  4 scorpions
  11 killer bees
  21 wights
  A howler monkey (D:9)
  An electric eel (Lair:2)
  3 bullfrog zombies (D:9)
  3 centaur zombies
  5 hounds
  3 jellies
  16 orc wizards
  16 orc priests
  Crazy Yiuf (D:5)
  5 bullfrog skeletons
  2 centaur skeletons (D:9)
  4 iguanas
  9 worker ants
  A hound zombie (D:9)
  A hound skeleton (D:8)
  4 worker ant zombies
  2 howler monkey zombies (D:9)
  Robin (D:4)
  A howler monkey skeleton (D:7)
  4 adders
  2 shadow imps
  3 white imps
  2 ufetubi
  2 adder skeletons (D:9)
  3 worms
  4 leopard geckos
  55 orcs
  A giant cockroach (D:7)
  2 gnoll zombies (D:7)
  7 hobgoblins
  6 jackals (D:5)
  8 quokkas
  A ball python (D:2)
  A bat (D:2)
  A frilled lizard (D:5)
  9 goblins
  A jackal skeleton (D:5)
  2 leopard gecko skeletons
  A leopard gecko zombie (D:9)
  A quokka skeleton (D:9)
  A quokka zombie (D:9)
  2 rats
678 creatures vanquished.

Vanquished Creatures (collateral kills)
  Snorg (Orc:2)
  A hydra (Swamp:4)
  A shambling mangrove (Swamp:1)
  2 orc high priests (Orc:2)
  2 gelid demonspawn (Orc:2)
  A torturous demonspawn (Orc:2)
  A swamp dragon (Swamp:4)
  An orc sorcerer (Orc:2)
  2 guardian serpents (Snake:4)
  An orange demon (Orc:2)
  An ice devil (Orc:2)
  2 red devils (Orc:2)
  4 orc warriors (Orc:2)
  A swamp drake (Swamp:4)
  An ice beast (Orc:2)
  3 orc priests (Orc:2)
  7 orcs (Orc:2)
32 creatures vanquished.

Vanquished Creatures (others)
  A naga warrior (Snake:4)
  An alligator (Swamp:3)
  A naga sharpshooter (Snake:1)
  A hornet (Swamp:3)
  12 fungi
  16 plants
  2 withered plants (Snake:4)
34 creatures vanquished.

Grand Total: 744 creatures vanquished

Notes
Turn   | Place    | Note
-------+----------+-------------------------------------------
     0 | D:1      | EnegeticOcto the Deep Dwarf Fighter began the quest for the
                  | Orb.
     0 | D:1      | Reached XP level 1. HP: 20/20 MP: 1/1
   111 | D:2      | Reached XP level 2. HP: 14/27 MP: 2/2
   182 | D:2      | Found a hazy altar of Hepliaklqana.
   219 | D:3      | Reached skill level 3 in Axes
   219 | D:3      | Reached XP level 3. HP: 34/34 MP: 3/3
   255 | D:3      | Found a transporter.
   255 | D:3      | Noticed kae's ghost (weakling DsGl)
   257 | D:3      | Found a transporter.
   310 | D:4      | Noticed Robin
   324 | D:4      | Killed Robin
   324 | D:4      | Reached XP level 4. HP: 30/42 MP: 3/3
   337 | D:5      | Entered Level 5 of the Dungeon
   348 | D:4      | Found Qoipaqog's Jewellery Boutique.
   378 | D:4      | Noticed Edmund
   402 | D:4      | Killed Edmund
   402 | D:4      | Reached skill level 4 in Axes
   402 | D:4      | Reached XP level 5. HP: 22/49 MP: 4/4
   449 | D:4      | Noticed a black bear
   462 | D:4      | Killed a black bear
   462 | D:4      | Reached XP level 6. HP: 41/56 MP: 5/5
   539 | D:4      | Reached skill level 5 in Axes
   675 | D:4      | Found a staircase to the Ecumenical Temple.
   765 | Temple   | Entered the Ecumenical Temple
   790 | Temple   | Became a worshipper of Makhleb the Destroyer
  1168 | D:5      | Found a stormy altar of Qazlal.
  1195 | D:5      | Found a sacrificial altar of Ru.
  1403 | D:5      | Reached skill level 1 in Invocations
  1457 | D:5      | Reached XP level 7. HP: 50/64 MP: 5/7
  1639 | D:5      | Found a sparkling altar of Nemelex Xobeh.
  1664 | D:5      | Found a runed translucent door.
  1665 | D:5      | Noticed Crazy Yiuf
  2091 | D:5      | Killed Crazy Yiuf
  2091 | D:5      | Reached skill level 5 in Shields
  2196 | D:6      | Reached skill level 5 in Armour
  2208 | D:6      | Reached skill level 6 in Axes
  2309 | D:6      | Found Guku's Gadget Shop.
  2384 | D:6      | Reached * piety under Makhleb
  2460 | D:6      | Reached XP level 8. HP: 37/73 MP: 8/8
  2527 | D:6      | Found a sparkling altar of Nemelex Xobeh.
  2988 | D:7      | Found a shattered altar of Ashenzari.
  3015 | D:7      | Reached skill level 7 in Axes
  3031 | D:7      | Found an opulent altar of Gozag.
  3197 | D:7      | Reached skill level 5 in Fighting
  3325 | D:7      | Noticed Pikel
  3344 | D:7      | Killed Pikel
  3344 | D:7      | Reached skill level 8 in Axes
  3344 | D:7      | Gained mutation: You passively map the area around you.
                  | [Deep Dwarf growth]
  3344 | D:7      | Reached XP level 9. HP: 47/81 MP: 9/9
  3430 | D:7      | Found a snail-covered altar of Cheibriados.
  3567 | D:7      | Reached ** piety under Makhleb
  3570 | D:7      | Found a basalt altar of Yredelemnul.
  3614 | D:8      | Reached skill level 5 in Invocations
  3694 | D:8      | Reached skill level 9 in Axes
  3932 | D:8      | Noticed Prince Ribbit
  3946 | D:8      | Killed Prince Ribbit
  3967 | D:8      | Reached XP level 10. HP: 62/91 MP: 10/10
  3986 | D:8      | Found an ornate altar of the Wu Jian Council.
  4236 | D:9      | Reached *** piety under Makhleb
  4236 | D:9      | Reached skill level 10 in Axes
  4299 | D:9      | Found a runed translucent gate.
  4300 | D:9      | Found a runed translucent gate.
  4301 | D:9      | Found a runed translucent gate.
  4338 | D:9      | Got a faintly humming plate armour
  4349 | D:9      | Identified the +9 plate armour of Eqomid {Int+3} (You found
                  | it on level 9 of the Dungeon)
  4374 | D:9      | Noticed a two-headed ogre
  4383 | D:9      | Killed a two-headed ogre
  4463 | D:9      | Found a hide-covered altar of Uskayaw.
  4574 | D:9      | Noticed a skeletal warrior
  4580 | D:9      | Reached skill level 11 in Axes
  4638 | D:9      | Reached XP level 11. HP: 64/100 MP: 13/13
  4800 | D:9      | Reached **** piety under Makhleb
  4852 | D:9      | Noticed viperstalker's ghost (novice PaFi)
  5112 | D:9      | Noticed a two-headed ogre
  5127 | D:9      | Killed a two-headed ogre
  5249 | D:10     | Entered Level 10 of the Dungeon
  5351 | D:10     | Found a staircase to the Lair.
  5377 | D:10     | Reached skill level 12 in Axes
  5611 | D:10     | Reached ***** piety under Makhleb
  5863 | D:10     | Found a runed translucent door.
  5864 | D:10     | Found a shimmering altar of Xom.
  5864 | D:10     | Noticed Caleiyous's ghost (journeyman GrFi)
  5864 | D:10     | Noticed a +1 hand axe of chaos
  6094 | D:11     | Found a staircase to the Orcish Mines.
  6116 | D:11     | Noticed a two-headed ogre
  6135 | D:11     | Killed a two-headed ogre
  6313 | D:11     | Noticed a two-headed ogre
  6323 | D:11     | Killed a two-headed ogre
  6323 | D:11     | Reached XP level 12. HP: 110/110 MP: 15/15
  6697 | D:11     | Reached skill level 10 in Invocations
  6794 | D:11     | Identified 2 scrolls of acquirement
  6796 | D:11     | Acquired a +4 ring of protection
  6797 | D:11     | Acquired a +0 cloak of poison resistance
  6862 | Lair:1   | Entered Level 1 of the Lair of Beasts
  7074 | Lair:2   | Reached skill level 13 in Axes
  7077 | Lair:2   | Noticed Maggie
  7096 | Lair:2   | Killed Maggie
  7098 | Lair:2   | Noticed Gastronok
  7124 | Lair:2   | Killed Gastronok
  7124 | Lair:2   | Reached skill level 10 in Armour
  7124 | Lair:2   | Reached skill level 10 in Shields
  7636 | Lair:2   | Found a staircase to the Swamp.
  7784 | Lair:3   | Reached ****** piety under Makhleb
  8054 | Lair:3   | Reached XP level 13. HP: 121/121 MP: 17/17
  8055 | Lair:3   | Reached skill level 14 in Axes
  8266 | Lair:3   | Found a staircase to the Snake Pit.
  8501 | Lair:4   | Acquired 4090 gold pieces
  8623 | Orc:1    | Entered Level 1 of the Orcish Mines
  8838 | Orc:2    | Entered Level 2 of the Orcish Mines
  8857 | Orc:2    | Found Joetask's Distillery.
  8883 | Orc:2    | Found Moeneib's Magic Scroll Emporium.
  8886 | Orc:2    | Noticed Snorg
  8906 | Orc:2    | Killed Snorg
  8934 | Orc:2    | Bought a scroll of teleportation for 51 gold pieces
  8934 | Orc:2    | Bought a scroll of enchant weapon for 127 gold pieces
  8934 | Orc:2    | Bought a scroll of immolation for 59 gold pieces
  8934 | Orc:2    | Bought a scroll of acquirement for 884 gold pieces
  8934 | Orc:2    | Bought a scroll of identify for 34 gold pieces
  8934 | Orc:2    | Acquired an uncursed ring of protection from fire
  8947 | Orc:2    | Bought a potion of mutation for 80 gold pieces
  8947 | Orc:2    | Bought a potion of curing for 30 gold pieces
  8947 | Orc:2    | Bought a potion of curing for 30 gold pieces
  8947 | Orc:2    | Bought a potion of haste for 100 gold pieces
  8947 | Orc:2    | Bought a potion of heal wounds for 50 gold pieces
  8947 | Orc:2    | Bought a potion of haste for 100 gold pieces
  8947 | Orc:2    | Bought a potion of berserk rage for 50 gold pieces
  9009 | Orc:2    | Found a frozen archway.
  9346 | Orc:2    | Gained mutation: Your body sometimes deteriorates upon
                  | taking damage. [a neqoxec]
  9355 | Orc:2    | Gained mutation: You are frail. (-10% HP) [a neqoxec]
  9467 | Orc:2    | Reached skill level 15 in Axes
  9476 | Orc:2    | Found Kair's Book Shop.
  9476 | Orc:2    | Found Tepn's Antique Armour Boutique.
  9476 | Orc:2    | Found a one-way gate leading to the halls of Pandemonium.
  9484 | Orc:2    | Bought a glowing kite shield for 195 gold pieces
  9691 | Snake:1  | Entered Level 1 of the Snake Pit
  9803 | Snake:1  | Gained mutation: You resist negative energy. (rN+) [Deep
                  | Dwarf growth]
  9803 | Snake:1  | Reached XP level 14. HP: 107/117 MP: 16/16
  9856 | Snake:1  | Found Ulietal's Magic Scroll Shoppe.
  9859 | Snake:1  | Bought 2 scrolls of immolation for 84 gold pieces
  9859 | Snake:1  | Bought a scroll of fog for 24 gold pieces
  9859 | Snake:1  | Bought a scroll of blinking for 90 gold pieces
  9931 | Snake:2  | Found Ubru's Antique Armour Emporium.
  9942 | Snake:2  | Noticed a nagaraja
  9966 | Snake:2  | Killed a nagaraja
  9971 | Snake:2  | Reached skill level 10 in Fighting
  9987 | Snake:2  | Bought a pair of polished gloves for 380 gold pieces
  9987 | Snake:2  | Bought an ichor-stained chain mail for 380 gold pieces
  9987 | Snake:2  | Identified the cursed +0 pair of gloves of the Dwarven Hall
                  | {Str-5 Slay+4} (You bought it in a shop on level 2 of the
                  | Snake Pit)
  9988 | Snake:2  | Identified the cursed +1 chain mail "Madewu" {-Tele rPois
                  | Int+4 Stlth+} (You bought it in a shop on level 2 of the
                  | Snake Pit)
 10424 | Snake:3  | Reached skill level 16 in Axes
 10446 | Snake:4  | Entered Level 4 of the Snake Pit
 10536 | Snake:4  | Found Osmysem's Gadget Shoppe.
 10537 | Snake:4  | Found Rec Tixt's Jewellery Boutique.
 10538 | Snake:4  | Found Cozuo's Gadget Shoppe.
 10545 | Snake:4  | Bought the brooch of Shielding {Spirit SH+8} for 831 gold
                  | pieces
 10545 | Snake:4  | Found the brooch of Shielding {Spirit SH+8}
 10552 | Snake:4  | Bought a condenser vane (2/2) for 320 gold pieces
 10552 | Snake:4  | Bought a tin of tremorstones (3/3) for 640 gold pieces
 10552 | Snake:4  | Bought a wand of paralysis (12) for 224 gold pieces
 10602 | Snake:4  | Found a runed translucent door.
 10626 | Snake:4  | Reached skill level 1 in Evocations
 10627 | Snake:4  | Noticed p0werm0de's ghost (adept MiFi)
 10796 | Snake:4  | Noticed a nagaraja
 10802 | Snake:4  | Noticed a nagaraja
 10827 | Snake:4  | Killed a nagaraja
 10832 | Snake:4  | Killed a nagaraja
 10832 | Snake:4  | Reached XP level 15. HP: 81/126 MP: 0/17
 10897 | Snake:4  | Noticed a nagaraja
 10912 | Snake:4  | Killed a nagaraja
 10928 | Snake:4  | Noticed a nagaraja
 10928 | Snake:4  | Noticed a nagaraja
 10929 | Snake:4  | Noticed a nagaraja
 10942 | Snake:4  | Killed a nagaraja
 10943 | Snake:4  | Killed a nagaraja
 10949 | Snake:4  | Killed a nagaraja
 11017 | Snake:4  | Reached skill level 17 in Axes
 11017 | Snake:4  | Reached skill level 5 in Evocations
 11070 | Snake:4  | Got a serpentine rune of Zot
 11303 | Swamp:1  | Entered Level 1 of the Swamp
 11378 | Swamp:1  | Reached XP level 16. HP: 135/135 MP: 0/16
 11722 | Swamp:3  | Noticed a thorn hunter
 11729 | Swamp:3  | Killed a thorn hunter
 11956 | Swamp:4  | Entered Level 4 of the Swamp
 12199 | Swamp:4  | Noticed a thorn hunter
 12216 | Swamp:4  | Killed a thorn hunter
 12257 | Swamp:4  | Reached skill level 18 in Axes
 12300 | Swamp:4  | Reached skill level 15 in Invocations
 12307 | Swamp:4  | Noticed the 27-headed Lernaean hydra
 12328 | Swamp:4  | Killed the 26-headed Lernaean hydra
 12413 | Swamp:4  | Got a decaying rune of Zot
 12603 | D:10     | Cast into level 3 of the Abyss (unwielding a weapon of
                  | distortion)
 12752 | Abyss:4  | Noticed an ancient lich
 12776 | Abyss:4  | Paralysed by an ancient lich for 2 turns
 12778 | Abyss:4  | Killed from afar by an ancient lich

Illustrated notes

Levels and vault maps discovered:
D:1:      dpeg_arrival_fog, layout_basic, minivault_25,
          hangedman_decor_peaks_small
D:2:      layout_rooms, lemuel_crystal_altar, fedhas_altar_3,
          old_standard_altar, minmay_misc_feat_chi
D:3:      layout_loops_ring, led_xom_imps, gammafunk_ghost_mausoleum
D:4:      layout_loops_cross, temple_pool_b, serial_shops, shop, uniq_edmund,
          uniq_robin
D:5:      layout_basic, lemuel_round_altar, grunt_qazlal_sundering,
          kennysheep_mini_moat, uniq_crazy_yiuf_cottage
D:6:      layout_basic, serial_shops, shop, nemelex_spade_bored_becter
D:7:      layout_cave_pools, lemuel_coloured_pillars_altar,
          lemuel_zombie_altar_yredelemnul, basic_altar, grunt_gozag_breadcrumbs,
          uniq_pikel
D:8:      layout_basic, old_standard_altar, kennysheep_boxes,
          uniq_prince_ribbit1
D:9:      hangedman_screamer, layout_long_grid, marbit_many_paths,
          gammafunk_ghost_icy, minmay_circle_x
D:10:     layout_loops_corners, david_lair_generic, ebering_ghost_xom
D:11:     layout_loops_ring, erik_orc_4
Temple:   jpeg_temple_clearing
Lair:1:   layout_regular_city, wad_woods_01, minmay_lair_oklob_chamber,
          grunt_megastairs_2
Lair:2:   layout_misc_corridors, nicolae_swamp_entry_splash_gauntlet,
          serial_bayou_pond_a, uniq_gastronok, uniq_maggie
Lair:3:   layout_regular_city, dummy_snake_entry, infiniplex_staircase_pool
Lair:4:   layout_regular_city, lemuel_fruit_tree, grunt_megastairs_5
Swamp:1:  layout_falls_marsh, nicolae_swamp_treefoil, uniq_jorgrun
Swamp:2:  layout_basic_swamp, nicolae_swamp_very_dense_foliage, swamp_pool4
Swamp:3:  layout_basic_swamp, evilmike_swamp_ruin_house_2
Swamp:4:  swamp_old_school, layout_basic_swamp
Snake:1:  layout_onion_interference, serial_shops, nicolae_shop_behind_doors,
          st_stairs_3
Snake:2:  layout_misc_corridors, serial_shops, shop
Snake:3:  layout_rooms, uniq_vashnia
Snake:4:  snake_pit_salamanders_mu, layout_cave_town, gammafunk_ghost_grave,
          minmay_shop_grove
Orc:1:    layout_diamond_mine, uniq_nergalle
Orc:2:    pf_orc_diabolical, layout_diamond_mine,
          portal_ice_cave_entry_ice_beasts, uniq_snorg
Abyss:4:  base: Temple, nicolae_abyss_rune_star_stuff, evilmike_abyss_exit_4,
          evilmike_abyss_rune_ettins

Skill      XL: |  1  2  3  4  5  6  7  8  9 10 11 12 13 14 15 16 |
---------------+-------------------------------------------------+-----
Fighting       | 3 4 5 6 7 8 9 10 11 12 | 12.0
Axes           | 3 4 5 6 8 9 11 12 13 15 16 17 18 | 18.0
Armour         | 4 5 6 7 8 9 10 11 12 13 | 13.9
Shields        | 4 5 6 7 8 9 10 11 12 13 | 13.9
Invocations    | 1 2 4 6 8 9 11 12 13 14 15 | 15.3
Evocations     | 2 6 8 |  8.9

Action                   |  1- 3 |  4- 6 |  7- 9 | 10-12 | 13-15 | 16-18 || total
-------------------------+-------+-------+-------+-------+-------+-------++-------
Melee: War axe           |    71 |   119 |   388 |   505 |       |       ||  1083
       Broad axe         |       |       |       |   320 |   887 |   382 ||  1589
Invok: Lesser Servant of |       |       |       |       |    11 |       ||    11
       Greater Servant o |       |       |       |       |     3 |     4 ||     7
 Abil: Heal Wounds       |     2 |     4 |    14 |     5 |    26 |     3 ||    54
Evoke: Tin of tremorston |       |       |       |       |     3 |     2 ||     5
       Condenser vane    |       |       |       |       |     1 |     1 ||     2
  Use: Scroll            |       |       |       |    28 |    12 |     3 ||    43
 Stab: Distracted        |       |       |       |       |     3 |       ||     3
Armor: Scale mail        |    38 |     7 |       |       |       |       ||    45
       Chain mail        |       |    74 |   367 |    36 |       |       ||   477
       Plate armour      |       |       |       |   536 |   586 |   534 ||  1656
Dodge: Dodged            |    25 |    23 |   160 |   183 |   136 |   128 ||   655
Block: Kite shield       |    43 |    76 |   296 |   515 |   837 |   504 ||  2271

Table legend: (Time is in decaauts)
 A = Elapsed time spent in this place.
 B = Non-inter-level travel time spent in this place.
 C = Inter-level travel time spent in this place.
 D = Time resting spent in this place.
 E = Time spent auto-exploring this place.
 F = Levels seen in this place.
 G = Mean time per level.
                   A        B        C        D        E       F      G
               +--------+--------+--------+--------+--------+-----+--------+
         Total |  12817 |  11471 |   1346 |      5 |   7213 |  28 |  457.8 |
       Dungeon |   7076 |   6641 |    435 |      0 |   4639 |  11 |  643.3 |
        Temple |     35 |     26 |      9 |      0 |     15 |   1 |   35.0 |
          Lair |   1879 |   1548 |    331 |      0 |   1126 |   4 |  469.8 |
         Swamp |   1253 |   1078 |    175 |      0 |    572 |   4 |  313.2 |
     Snake Pit |   1461 |   1194 |    267 |      3 |    373 |   4 |  365.2 |
  Orcish Mines |    949 |    822 |    127 |      2 |    390 |   2 |  474.5 |
         Abyss |    161 |    161 |      0 |      0 |     98 |   2 |   80.5 |
               +--------+--------+--------+--------+--------+-----+--------+

Top non-repeatable levels by time:
     D:9: 1081 daAuts
     D:5: 1043 daAuts
    D:10: 913 daAuts
  Lair:2: 907 daAuts
     D:6: 867 daAuts
     D:4: 785 daAuts
    D:11: 781 daAuts
  Lair:3: 775 daAuts
   Orc:2: 690 daAuts
 Snake:4: 680 daAuts
     D:7: 668 daAuts
     D:8: 599 daAuts
 Swamp:3: 572 daAuts
 Swamp:4: 545 daAuts
 Snake:2: 336 daAuts
